 Dungeon Crawl Stone Soup version 0.30-a0-862-g1aabd4f9c5 (webtiles) character file.

Game seed: 6779580304742520811

1513 Esekla the Covert (level 8, -9/54 HPs)
             Began as an Octopode Delver on Mar 9, 2023.
             Was an Initiate of Gozag.
             Mangled by an ice beast (14 damage)
             ... on level 6 of the Dungeon on Mar 10, 2023.
             The game lasted 00:34:56 (7104 turns).

Esekla the Covert (Octopode Delver)                 Turns: 7104, Time: 00:34:57

Health: -9/54      AC:  3    Str: 12    XL:     8   Next: 83%
Magic:  12/12      EV: 14    Int: 14    God:    Gozag
Gold:   682        SH:  5    Dex: 13    Spells: 13/13 levels left

rFire   . . .      SeeInvis .    a - +0 long sword
rCold   . . .      Faith    .    (no shield)
rNeg    . . .      Spirit   .    u - +2 hat
rPois   .          Reflect  +    G - amulet of reflection
rElec   .          Rampage  .    (no ring)
rCorr   .                        (no ring)
Will    .....                    (no ring)
Stlth   +++++                    (no ring)
HPRegen 0.29/turn                (no ring)
MPRegen 0.13/turn                (no ring)
                                 (no ring)
                                 (no ring)

@: no status effects
A: almost no armour, amphibious, 8 rings, camouflage 1, gelatinous body 1,
(nimble swimmer 1), tentacles
a: Renounce Religion, Potion Petition, Call Merchant, Bribe Branch


You were on level 6 of the Dungeon.
You worshipped Gozag.
Gozag was pleased with you.
You visited 2 branches of the dungeon, and saw 7 of its levels.
You also visited: Sewer.

You collected 1213 gold pieces.
You spent 121 gold pieces at shops.
You paid 410 gold pieces to Gozag.

Inventory:

Hand Weapons
 a - a +0 long sword (weapon)
 s - a +0 dagger
Missiles
 p - 6 poisoned darts (quivered)
 x - 5 boomerangs
 I - a curare-tipped dart
Armour
 u - a +2 hat (worn)
Jewellery
 G - an amulet of reflection (around mantle)
Wands
 f - a wand of digging (2)
 h - a wand of flame (11)
 A - a wand of iceblast (6)
 E - a wand of paralysis (12)
Scrolls
 b - 3 scrolls of fog
 c - a scroll of magic mapping
 d - 2 scrolls of fear
 l - 2 scrolls of identify
 m - 3 scrolls of enchant armour {unknown}
 o - a scroll of blinking {unknown}
 q - a scroll of butterflies {unknown}
 r - 2 scrolls of silence
 t - 2 scrolls of poison {unknown}
 v - a scroll of teleportation {unknown}
 y - 2 scrolls of vulnerability {unknown}
 B - a scroll of brand weapon {unknown}
Potions
 e - 4 potions of haste
 g - 6 potions of curing {unknown}
 i - 3 potions of heal wounds
 j - 2 potions of invisibility
 k - 4 potions of lignification
 n - a potion of resistance
 w - 3 potions of ambrosia
 z - a potion of cancellation
 C - a potion of might
 D - a potion of brilliance
 F - a potion of berserk rage {unknown}
 H - a potion of mutation {unknown}


   Skills:
 * Level 4.8 Fighting
 + Level 1.6(4.3) Short Blades
 * Level 6.3(6.4) Long Blades
 * Level 4.3 Dodging
 + Level 10.1 Stealth
 * Level 0.1 Shields
 * Level 3.2 Spellcasting


You had 13 spell levels left.
You didn't know any spells.
Your spell library contained the following spells:

 Spells                   Type           Power      Damage    Failure   Level
 Yara's Violent Unravell  Hex/Tmut       1%         3d3       99%         5
 Enfeeble                 Hex            1%         N/A       100%        7


Dungeon Overview and Level Annotations

Branches:
Dungeon (6/15)             Temple (1/1) D:5           Sewer (visited)

Altars:
Ashenzari
Cheibriados
Dithmenos
Elyvilon
Fedhas
Gozag
Hepliaklqana
Makhleb
Nemelex Xobeh
Okawaru
Qazlal
Ru
Sif Muna
Trog
Uskayaw
Vehumet
Wu Jian
Xom
Yredelemnul
Zin
The Shining One

Shops:
D:1 [   D:5 ((   D:6 [

Annotations:
D:5 Dowan, Duvessa


Innate Abilities, Weirdness & Mutations

You cannot wear most types of armour.
You are amphibious.
You can wear up to eight rings at the same time.
Your skin changes colour to match your surroundings (Stealth+).
Your rubbery body absorbs attacks. (AC +1, EV +1)
((You are camouflaged when in or above water. (Stealth+)))
You have tentacles for arms and can constrict up to eight enemies at once.


Message History

s - a +0 dagger (weapon)
a - a +0 long sword (weapon)
You hit the ice beast but do no damage.
You squeeze the ice beast, but do no damage.
The ice beast barely misses you.
You hit the ice beast but do no damage. Your squeeze misses the ice beast.
The ice beast hits you. The ice beast freezes you!
You closely miss the ice beast. The ice beast closely misses you.
You hit the ice beast.
You squeeze the ice beast, but do no damage.
The ice beast is lightly wounded.
The ice beast barely misses you.
You hit the ice beast.
The ice beast is lightly wounded.
You block the ice beast's attack.
You hit the ice beast.
The ice beast is moderately wounded.
The ice beast hits you. The ice beast freezes you!
You closely miss the ice beast.
The ice beast is moderately wounded.
The ice beast misses you.
You hit the ice beast but do no damage.
The ice beast is moderately wounded.
The ice beast hits you. The ice beast freezes you!
You slash the ice beast!
The ice beast is heavily wounded.
The ice beast closely misses you.
You hit the ice beast but do no damage.
You tentacle-slap the ice beast, but do no damage.
The ice beast is heavily wounded.
The ice beast hits you. The ice beast freezes you!
* * * LOW HITPOINT WARNING * * *
The ice beast barely misses you.
You barely miss the ice beast. Your squeeze misses the ice beast.
The ice beast is heavily wounded.
The ice beast hits you.
* * * LOW HITPOINT WARNING * * *
The ice beast freezes you!
You die...
Your body crumbles into a pile of gold.

##..# ###..###....#
##.## #..##
##.####...####.##
###.##
##.###...##..##
#..## #..........##
...####
##..>......##
##....##
###...........#
..###..#
####......#####..##
##.[##.#
......Y.### ##..#
#.#..#.##.......@#
####..#
..##.#..#######..#
###.....# ##[.#.#.#
#..# #......)#
.#.##.#.# #..#
..#######
..##).#.## ##.## .
##)).##..# ##.##
###
..####...####.## .#
##..
..[......##..##
##.# #...
...#........## #..#
#### ##..


You could see an ice beast.

Vanquished Creatures
  Edmund (D:6)
  A black bear (D:6)
  A sky beast (D:6)
  An ogre (D:5)
  2 centaurs (D:6)
  A kobold brigand (D:6)
  3 scorpions
  A howler monkey (D:6)
  4 jellies
  2 hounds (D:6)
  2 iguanas
  A sleepcap (D:5)
  4 orc wizards
  15 adders
  7 gnolls
  A river rat (Sewer)
  A shadow imp (D:5)
  A worm (D:4)
  4 dart slugs
  11 orcs
  3 bats
  14 endoplasms
  6 giant cockroaches
  11 goblins
  8 hobgoblins
  5 jackals
  3 kobolds
  5 quokkas
  11 ball pythons
  4 frilled lizards
  6 rats
140 creatures vanquished.

Vanquished Creatures (others)
  An adder (D:6)
  6 fungi (D:5)
7 creatures vanquished.

Grand Total: 147 creatures vanquished

Notes
Turn   | Place    | Note
-------+----------+-------------------------------------------
     0 | D:5      | Esekla the Octopode Delver began the quest for the Orb.
     0 | D:5      | Reached XP level 1. HP: 16/16 MP: 1/1
     0 | D:5      | Found a staircase to the Ecumenical Temple.
    12 | D:5      | Reached XP level 2. HP: 14/21 MP: 2/2
    30 | Temple   | Entered the Ecumenical Temple
   156 | Temple   | Became a worshipper of Gozag Ym Sagoz the Greedy
   203 | D:5      | Reached skill level 7 in Stealth
   216 | D:5      | Noticed a scorpion
   373 | D:5      | Noticed an ogre
   482 | D:4      | Reached XP level 3. HP: 17/26 MP: 3/3
   770 | D:4      | Found a glowing drain.
   775 | D:4      | Reached XP level 4. HP: 31/31 MP: 4/4
   788 | Sewer    | Entered a sewer
  1058 | Sewer    | Reached skill level 1 in Spellcasting
  1058 | Sewer    | Reached XP level 5. HP: 36/36 MP: 6/6
  1138 | Sewer    | Found a shimmering altar of Xom.
  2252 | D:1      | Found Wuobana's Armour Emporium.
  2283 | D:1      | Reached XP level 6. HP: 43/43 MP: 7/7
  2631 | D:1      | Bought a +1 hat for 121 gold pieces
  2911 | D:2      | Reached skill level 8 in Stealth
  3814 | D:3      | Found a radiant altar of Vehumet.
  3817 | D:3      | Found a sparkling altar of Nemelex Xobeh.
  4462 | D:5      | Reached skill level 1 in Short Blades
  4462 | D:5      | Reached XP level 7. HP: 48/48 MP: 9/9
  4748 | D:4      | Found a basalt altar of Yredelemnul.
  5443 | D:5      | Found Xabro's Antique Weapon Emporium.
  5456 | D:5      | Noticed Duvessa
  5456 | D:5      | Noticed Dowan
  5722 | D:5      | Reached skill level 9 in Stealth
  6022 | D:6      | Noticed Edmund
  6075 | D:6      | Killed Edmund
  6076 | D:6      | Reached XP level 8. HP: 11/54 MP: 11/11
  6277 | D:6      | Reached skill level 5 in Long Blades
  6409 | D:6      | Found a shimmering altar of Xom.
  6418 | D:6      | Found a shimmering altar of Xom.
  6420 | D:6      | Found a shimmering altar of Xom.
  6420 | D:6      | Found a shimmering altar of Xom.
  6437 | D:6      | Found a shimmering altar of Xom.
  6439 | D:6      | Found Qeomnown's Antique Armour Shop.
  6461 | D:6      | Found a shimmering altar of Xom.
  6996 | D:6      | Reached skill level 10 in Stealth
  7104 | D:6      | Mangled by an ice beast

Illustrated notes

Levels and vault maps discovered:
D:1:      sevenhm_arrival_forest_fort_small_5, layout_basic, serial_shops,
          nicolae_shop_stone, minmay_tromino_v4_c
D:2:      layout_loops_ring
D:3:      layout_rooms, mainiacjoe_overflow_catwalk_spiral
D:4:      layout_loops_ring, kennysheep_mini, gup_sewer_entry_bowl,
          minmay_misc_feat_ornament
D:5:      layout_basic, minmay_temple_entry_water_ring, serial_aquarium,
          aquarium_bridge_straight [aquarium_subvault_bridge,
          aquarium_subvault_wall, aquarium_subvault_bridge,
          aquarium_subvault_wall], aquarium_bridge_square
          [aquarium_subvault_balcony, aquarium_subvault_bridge,
          aquarium_subvault_bridge, aquarium_subvault_window],
          aquarium_window_1, aquarium_window_1, aquarium_window_corner,
          aquarium_view_2c, aquarium_view_2d, serial_shops,
          nicolae_shop_hallway_plus, uniq_duvessa
D:6:      layout_layer_cave, xom_redecorated, serial_shops, shop,
          minmay_alternating_orb, uniq_edmund
Temple:   nicolae_temple_bog_church

Skill      XL: |  1  2  3  4  5  6  7  8 |
---------------+-------------------------+-----
Stealth        | 7 8 9 10 | 10.1
Dodging        | 3 4 |  4.3
Spellcasting   | 1 2 3 |  3.2
Long Blades    | 3 4 6 |  6.3
Fighting       | 4 |  4.8
Short Blades   | 1 |  1.6
Shields        | |  0.1

Action                     |  1- 3 |  4- 6 |  7- 9 || total
---------------------------+-------+-------+-------++-------
  Melee: Falchion          |    23 |    96 |    39 ||   158
         Constrict         |     9 |    27 |    15 ||    51
         Dagger            |    11 |    69 |    12 ||    92
         Tentacles         |     7 |    24 |    22 ||    53
         Punch             |     1 |     1 |     2 ||     4
         Long sword        |       |       |    40 ||    40
  Throw: Dart              |       |       |     1 ||     1
 Invoke: Call Merchant     |       |       |     1 ||     1
  Evoke: Wand              |       |     2 |       ||     2
    Use: Potion            |       |     2 |     1 ||     3
         Scroll            |       |       |     9 ||     9
   Stab: Sleeping          |     6 |    50 |    10 ||    66
         Distracted        |       |     1 |       ||     1
 Armour: Skin              |     1 |     5 |     5 ||    11
  Dodge: Dodged            |    18 |    75 |    47 ||   140
  Block: Other             |       |       |     4 ||     4

Table legend: (Time is in decaauts)
 A = Elapsed time spent in this place.
 B = Non-inter-level travel time spent in this place.
 C = Inter-level travel time spent in this place.
 D = Time resting spent in this place.
 E = Time spent auto-exploring this place.
 F = Levels seen in this place.
 G = Mean time per level.
                   A        B        C        D        E       F      G
               +--------+--------+--------+--------+--------+-----+--------+
         Total |   7051 |   6770 |    281 |   1405 |   1934 |   8 |  881.4 |
       Dungeon |   6132 |   5866 |    266 |    983 |   1824 |   6 | 1022.0 |
        Temple |    141 |    126 |     15 |      0 |    105 |   1 |  141.0 |
         Sewer |    777 |    777 |      0 |    422 |      5 |   1 |  777.0 |
               +--------+--------+--------+--------+--------+-----+--------+

Top non-repeatable levels by time:
     D:5: 1738 daAuts
     D:1: 1041 daAuts
     D:4: 959 daAuts
     D:6: 951 daAuts
     D:2: 820 daAuts
   Sewer: 777 daAuts
     D:3: 621 daAuts
  Temple: 141 daAuts
